Map: Daybreak LE (Void)

Players

ByuL

  • Race: Zerg Zerg
  • Spawn Location: 7:00

Classic - Winner!

  • Race: Protoss Protoss
  • Spawn Location: 1:00

Event: IEM Season 11 - Gyeonggi

VOD

Have the link to the VOD?

Description

Time

  • Played on: Dec. 14, 2016, 3:04 a.m.
  • Length: 9:20

All games in this series

Show
View Real Time Build Order
Export as new Build Order

ByuL Zerg 

Build Orders: Pool First 

Get SALT Encoding   

  12  0:00  Drone  
  13  0:08  Drone  
  14  0:18  Overlord  
  14  0:22  Extractor  
  14  0:24  Drone  
  15  0:36  Drone  
  15  0:37  Drone  
  17  0:45  Spawning Pool  
  17  0:48  Drone  
  17  1:11  Hatchery  
  16  1:13  Drone  
  16  1:16  Drone  
  18  1:20  Drone  
  19  1:27  Extractor  
  19  1:32  Queen  
  20  1:34  Zergling x2  
  20  1:38  Drone  
  22  1:50  Overlord  
  22  2:10  Drone, Hatchery  
  22  2:18  Queen  
  22  2:22  Drone  
  25  2:26  Drone  
  25  2:29  Drone  
  27  2:32  Drone  
  28  2:38  Metabolic Boost  
  28  2:43  Drone  
  29  2:47  Drone  
  29  2:49  Drone  
  29  2:50  Drone  
  31  2:54  Drone  
  31  2:58  Overlord  
  32  3:05  Queen  
  34  3:08  Drone  
  35  3:17  Zergling x4  
  35  3:18  Zergling x2  
  35  3:19  Drone  
  39  3:22  Drone  
  39  3:24  Drone  
  41  3:29  Queen  
  41  3:31  Drone  
  41  3:32  Drone x2  
  46  3:35  Overlord  
  46  3:41  Drone  
  46  3:43  Drone  
  46  3:45  Overlord  
  48  3:51  Drone  
  48  3:55  Drone  
  50  3:56  Drone x2  
  50  3:58  Drone x3  
  50  3:59  Drone  
  56  4:03  Lair  
  56  4:06  Roach Warren  
  55  4:12  Zergling x6  
  55  4:13  Zergling x2  
  58  4:18  Zergling x4  
  58  4:19  Extractor x2  
  58  4:22  Drone x2  
  58  4:23  Drone x2  
  62  4:25  Zergling x2  
  62  4:27  Overlord  
  62  4:29  Zergling x2  
  64  4:33  Zergling x2  
  64  4:35  Overlord  
  64  4:37  Spore Crawler  
  64  4:38  Overlord  
  64  4:41  Baneling Nest  
  64  4:47  Queen  
  64  4:48  Queen  
  64  4:51  Zergling x8  
  64  4:52  Zergling x2  
  73  4:55  Zergling x4  
  74  5:01  Drone x3  
  72  5:07  Zergling x10  
  72  5:13  Zergling x2  
  69  5:14  Drone x2  
  69  5:19  Zergling x8  
  70  5:23  Drone  
  65  5:29  Drone  
  65  5:30  Drone x2  
  65  5:32  Drone  
  65  5:34  Drone  
  65  5:40  Drone x3  
  67  5:49  Roach Warren  
  67  5:50  Drone x5  
  67  5:55  Drone  
  67  5:56  Drone  
  73  5:58  Drone  
  73  6:01  Overlord  
  73  6:03  Drone  
  73  6:04  Drone x2  
  77  6:09  Queen  
  77  6:10  Drone x2  
  81  6:18  Nydus Network  
  81  6:19  Drone  
  81  6:20  Overlord  
  81  6:21  Drone x2  
  83  6:27  Spore Crawler, Queen  
  84  6:37  Roach  
  84  6:38  Roach x3  
  84  6:39  Roach  
  93  6:40  Roach x2  
  93  6:44  Glial Reconstitution, Overlord  
  96  6:48  Overlord  
  96  6:51  Baneling x2  
  95  6:56  Nydus Canal  
  95  7:03  Roach  
  95  7:05  Overlord x2  
  95  7:07  Roach x4  
  105  7:17  Roach  
  105  7:19  Roach x3  
  98  7:23  Roach x3  
  98  7:27  Roach  
  98  7:28  Roach, Zergling x10  
  95  7:32  Queen  
  95  7:33  Queen  
  95  7:35  Roach  
  99  7:38  Roach  
  99  7:41  Roach x2, Overseer, Zergling x2  
  99  7:43  Roach  
  108  7:46  Spore Crawler  
  108  7:50  Roach  
  109  7:52  Zergling x2  
  109  7:54  Zergling x4  
  112  8:01  Overlord x2  
  112  8:05  Nydus Canal  
  112  8:06  Overlord  
  106  8:14  Overlord  
  106  8:19  Queen x2  
  98  8:27  Roach  
  104  8:28  Nydus Canal  
  104  8:29  Zergling x6  
  102  8:39  Roach x3, Zergling x2  
  102  8:40  Zergling x8  
  85  8:50  Roach x4  
  85  8:56  Zergling x2  
  85  8:57  Roach  
  85  8:58  Zergling x4  
  85  9:09  Nydus Canal  
Show
View Real Time Build Order
Export as new Build Order

Classic Protoss - Winner!

Build Orders: 1 Gate Expand 

Get SALT Encoding   

  12  0:00  Probe (Chrono Boost)  
  13  0:11  Probe (Chrono Boost)  
  14  0:18  Pylon  
  14  0:22  Probe (Chrono Boost)  
  15  0:36  Probe (Chrono Boost)  
  15  0:38  Gateway  
  16  0:44  Assimilator  
  16  0:46  Probe (Chrono Boost)  
  17  0:57  Probe (Chrono Boost)  
  18  1:08  Probe (Chrono Boost)  
  19  1:19  Probe (Chrono Boost)  
  20  1:26  Nexus  
  20  1:30  Probe (Chrono Boost)  
  21  1:39  Cybernetics Core  
  21  1:44  Probe (Chrono Boost)  
  22  1:47  Assimilator  
  22  1:54  Pylon  
  22  1:57  Probe (Chrono Boost)  
  23  2:12  Probe (Chrono Boost)  
  23  2:15  Adept (Chrono Boost)  
  26  2:16  Warp Gate  
  26  2:24  Mothership Core (Chrono Boost)  
  28  2:38  Probe (Chrono Boost)  
  28  2:42  Adept  
  28  2:43  Probe (Chrono Boost)  
  32  2:46  Twilight Council  
  32  2:49  Probe (Chrono Boost)  
  33  2:53  Probe (Chrono Boost)  
  34  2:59  Probe (Chrono Boost)  
  34  3:04  Probe (Chrono Boost)  
  36  3:10  Probe (Chrono Boost), Adept  
  39  3:14  Probe (Chrono Boost)  
  40  3:22  Gateway  
  40  3:23  Resonating Glaives (Chrono Boost)  
  40  3:24  Gateway  
  40  3:25  Probe  
  40  3:27  Probe  
  40  3:32  Pylon  
  42  3:37  Adept  
  42  3:40  Probe  
  44  3:42  Probe  
  44  3:45  Pylon  
  46  3:50  Assimilator  
  46  3:51  Assimilator, Probe  
  46  3:54  Probe  
  48  3:59  Pylon  
  48  4:02  Probe  
  48  4:06  Probe  
  50  4:12  Probe  
  51  4:18  Probe  
  51  4:20  Adept x3  
  58  4:27  Stargate  
  58  4:28  Stargate  
  58  4:31  Pylon  
  58  4:32  Probe  
  58  4:34  Probe  
  60  4:45  Sentry  
  62  4:52  Nexus  
  62  5:00  Adept x2  
  66  5:10  Pylon  
  66  5:12  Phoenix x2 (Chrono Boost)  
  64  5:26  Probe x2  
  62  5:35  Adept x3  
  66  5:38  Phoenix x2 (Chrono Boost)  
  66  5:40  Probe x2  
  70  5:46  Assimilator  
  70  5:49  Forge  
  70  5:50  Pylon  
  70  5:57  Probe  
  70  5:58  Probe  
  70  6:00  Phoenix x2 (Chrono Boost)  
  70  6:03  Assimilator  
  70  6:04  Probe  
  76  6:09  Probe  
  76  6:10  Probe  
  79  6:14  Adept x2  
  79  6:15  Adept  
  85  6:26  Probe, Phoenix (Chrono Boost)  
  85  6:27  Probe x2, Phoenix (Chrono Boost)  
  92  6:35  Pylon  
  92  6:39  Probe  
  93  6:40  Sentry, Adept  
  93  6:41  Adept  
  93  6:46  Pylon  
  99  6:50  Photon Cannon  
  99  6:57  Phoenix x2 (Chrono Boost)  
  99  7:01  Pylon  
  103  7:03  Pylon  
  103  7:05  Pylon  
  103  7:08  Sentry x2  
  107  7:10  Adept  
  105  7:25  Probe  
  105  7:26  Photon Cannon, Probe x2  
  105  7:27  Phoenix (Chrono Boost)  
  105  7:28  Phoenix (Chrono Boost)  
  112  7:37  Probe  
  112  7:38  Probe x2  
  112  7:43  Adept  
  112  7:44  Adept x2  
  119  7:47  Pylon  
  119  7:49  Phoenix x2 (Chrono Boost)  
  125  8:12  Adept x3  
  131  8:14  Phoenix x2  
  133  8:28  Gateway  
  133  8:29  Gateway  
  133  8:31  Gateway  
  133  8:32  Adept x2  
  133  8:33  Adept  
  139  8:36  Phoenix  
  139  8:37  Phoenix  
  133  8:54  Photon Cannon  
  131  8:56  Photon Cannon  
  131  8:58  Photon Cannon  
  131  9:03  Adept x3  
  134  9:10  Pylon  

Tags
 
Add a new tag
Caveats
  • Supply blocks, unpowered buildings, or Contaminate may cause inaccurate times.
  • Supply counts are checked every 10 seconds.